 Dungeon Crawl Stone Soup version 0.19-a0-1905-ge8b2aad (webtiles) character file.

16996 Promi the Fighter (level 12, -5/106 HPs)
             Began as a Black Draconian Abyssal Knight on Oct 21, 2016.
             Was an Elder of Lugonu.
             Slain by a deep troll (10 damage)
             ... on level 12 of the Dungeon.
             The game lasted 01:21:48 (20490 turns).

Promi the Fighter (Black Draconian Abyssal Knight) Turns: 20490, Time: 01:21:48

Health: -5/106     AC: 10    Str: 15    XL:     12   Next: 15%
Magic:  0/24       EV: 15    Int: 18    God:    Lugonu [****..]
Gold:   871        SH:  0    Dex: 10    Spells: 1 memorised, 23 levels left

rFire  + + .     SeeInvis .     s - +5 dagger of Reinforcement {speed, -Tele rElec rF++ rC+}
rCold  + . .     Gourm    .     (armour unavailable)
rNeg   . . .     Faith    .     (no shield)
rPois  +         Spirit   +     (helmet restricted)
rElec  +         Reflect  .     E - +0 cloak
rCorr  .         Harm     .     (no gloves)
MR     +....     NoTele   +     G - +0 pair of boots
Stlth  +.........               g - amulet of guardian spirit
                                r - ring of protection from magic
                                k - ring of poison resistance

@: no status effects
A: breathe lightning, unfitting armour, electricity resistance, cold-blooded, AC
+8
a: Breathe Lightning, Depart the Abyss, Bend Space, Banish, Corrupt, Renounce
Religion


You were on level 12 of the Dungeon.
You worshipped Lugonu.
Lugonu was greatly pleased with you.
You were very hungry.

You visited 4 branches of the dungeon, and saw 16 of its levels.
You visited the Abyss 2 times.
You also visited: Sewer and Ossuary.

You collected 1096 gold pieces.
You spent 225 gold pieces at shops.

Inventory:

Hand Weapons
 a - a +3 short sword of venom
 s - the +5 dagger of Reinforcement (weapon) {speed, -Tele rElec rF++ rC+}
   (You found it on level 4 of the Dungeon)

   Attacks with this weapon are significantly faster.
   It greatly protects you from fire.
   It protects you from cold.
   It insulates you from electricity.
   It prevents most forms of teleportation.
 w - the +1 falchion "Zuar" {holy, +Inv rPois rN+++ Str-5}
   (You found it on level 8 of the Dungeon)

   It has been blessed by the Shining One to cause great damage to the undead
   and demons.
   It affects your strength (-5).
   It protects you from poison.
   It renders you almost immune to negative energy.
   It lets you turn invisible.
 H - the +1 rapier of Armageddon {flame, MR+ MP+9 Int-3}
   (You bought it in a shop on level 11 of the Dungeon)

   It has been specially enchanted to burn those struck by it, causing extra
   injury to most foes and up to half again as much damage against particularly
   susceptible opponents.
   It affects your intelligence (-3).
   It affects your resistance to hostile enchantments.
   It affects your magic capacity (+9).
Armour
 E - a +0 cloak (worn)
 G - a +0 pair of boots (worn)
Jewellery
 g - an amulet of guardian spirit (around neck)
 k - a ring of poison resistance (left hand)
 r - a ring of protection from magic (right hand)
 x - an uncursed ring of protection from fire
 y - an uncursed ring of ice
Wands
 e - a wand of iceblast (10/15)
 o - a wand of slowing (22/48)
 v - a wand of digging (12/24)
 B - a wand of random effects (25/48)
 C - a wand of disintegration (9/24)
 D - a wand of flame (18/48)
 F - a wand of lightning (3/15)
Scrolls
 c - 6 scrolls of remove curse
 d - 4 scrolls of amnesia
 h - a scroll of enchant weapon
 i - 3 scrolls of magic mapping
 l - a scroll of fog
 m - 4 scrolls of teleportation
 n - 12 scrolls of identify
Potions
 j - a potion of berserk rage
 q - a potion of agility
 t - 3 potions of might
 u - 4 potions of cure mutation
 I - a potion of haste
Books
 z - a book of Necromancy

   Spells                             Type                      Level
   a - Pain                           Necromancy                   1
   b - Animate Skeleton               Necromancy                   1
   c - Vampiric Draining              Necromancy                   3
   d - Regeneration                   Charms/Necromancy            3
   e - Animate Dead                   Necromancy                   4
   f - Control Undead                 Necromancy                   4
 A - a book of Callings

   Spells                             Type                      Level
   a - Summon Small Mammal            Summoning                    1
   b - Call Imp                       Summoning                    2
   c - Call Canine Familiar           Summoning                    3
   d - Summon Guardian Golem          Hexes/Summoning              3
   e - Summon Lightning Spire         Summoning/Air                4
   f - Summon Ice Beast               Ice/Summoning                4
Comestibles
 b - 6 bread rations
 f - 7 meat rations
 p - a beef jerky


   Skills:
 - Level 10.1 Fighting
 - Level 9.2 Short Blades
 - Level 8.3 Dodging
 - Level 8.0 Spellcasting
 + Level 2.4 Summonings
 + Level 3.1 Air Magic
 - Level 9.3 Invocations
 - Level 3.3 Evocations


You had 23 spell levels left.
You knew the following spells:

 Your Spells              Type           Power        Failure   Level  Hunger
a - Summon Lightning Spi  Summ/Air       ###.....     34%         4    ###....


Dungeon Overview and Level Annotations

Branches:
Dungeon (12/15)            Temple (1/1) D:7            Lair (1/6) D:11
    Orc (2/2) D:10
    Elf: Orc:2

Altars:
Gozag
Hepliaklqana
Okawaru
The Shining One

Shops:
D:5 (   D:6 *   D:11 (

Annotations:
Temple corrupted
Orc:1 Saint Roka
Abyss:1 Urug


Innate Abilities, Weirdness & Mutations

You can breathe wild blasts of lightning.
Your glossy black scales are hard. (AC +8)
You cannot fit into any form of body armour.
You are resistant to electric shocks. (rElec)
You are cold-blooded and may be slowed by cold attacks.


Message History

The troll is almost dead.
You hit the troll.
The troll is almost dead.
The troll closely misses you. The troll claws you.
* * * LOW HITPOINT WARNING * * *
The troll claws you.
* * * LOW HITPOINT WARNING * * *
You hit the troll. You tail-slap the troll.
You kill the troll!
Lugonu accepts your kill.
Your Air Magic skill increases to level 3!
Press: ? - help, Shift-Dir - straight line, f - deep troll
Aim: a deep troll (chance to defeat MR: 73%)
The deep troll struggles to resist.
You are feeling very hungry.
You don't have enough magic at the moment.
The deep troll closely misses you. The deep troll claws you!
* * * LOW HITPOINT WARNING * * *
The deep troll claws you!
You die...

.' #≈≈≈≈≈≈≈≈≈≈##.#.# #.# #...
≈#. #≈≈≈≈≈≈≈≈≈≈##.#.####.# #.##
≈#####≈≈≈≈≈≈≈≈≈≈##........# #.#
≈≈≈≈≈≈≈≈≈≈≈≈≈≈≈≈≈#.#.####.# #.#
.............# #...# ### #.#
.............# #...# #.#
.............# #...# #.#
.............#####...##### #.#
...............T@........# #.#
..######...#######.#.###.# #.#
...........+.......#.# #.# #.#
..######...#########.###.# #.#
### ######### #...##.# #.#
#....# #...##.# #.#
###########....####...##.# #.#
#...................>###.#####.#
'......)...#.........# #.......#


You could see a deep troll.

Vanquished Creatures
  Fannar (D:9)
  Pikel (D:8)
  A hill giant (D:10)
  A cyclops (D:12)
  3 trolls
  3 hippogriffs
  A water elemental (D:12)
  8 yaks
  Grum (D:10)
  A warg (D:10)
  2 water moccasins
  18 orc warriors
  2 sky beasts
  A necrophage (D:8)
  3 ice beasts
  2 black bears (D:9)
  12 ogres
  4 wolves (D:10)
  6 centaurs
  A crocodile (D:11)
  11 bullfrogs
  A big kobold (D:7)
  A gnoll sergeant (D:6)
  2 elf zombies (Ossuary)
  A water moccasin skeleton (D:7)
  3 killer bees (D:9)
  4 wights (D:9)
  4 howler monkeys
  An electric eel (D:12)
  4 crimson imps
  2 bullfrog zombies
  2 centaur zombies
  4 hounds
  2 quasits
  5 jellies
  A centaur skeleton (D:8)
  17 orc priests
  2 iguanas
  26 orc wizards
  A bullfrog skeleton (D:6)
  Ijyb (D:3)
  9 worker ants
  2 big kobold zombies (Ossuary)
  A hound skeleton (D:10)
  3 mummies
  2 worker ant zombies
  4 gnolls
  16 adders
  3 river rats (Sewer)
  8 shadow imps
  3 oozes
  3 adder zombies
  2 worms
  4 dart slugs
  11 leopard geckos
  63 orcs
  15 ball pythons
  10 bats
  9 giant cockroaches
  7 goblins
  3 hobgoblins
  3 jackals (D:7)
  10 kobolds
  8 quokkas
  5 frilled lizards
  3 goblin zombies (Ossuary)
  6 hobgoblin zombies (Ossuary)
  2 jackal zombies
  9 kobold zombies (Ossuary)
  A leopard gecko skeleton (D:6)
  12 orc zombies (Ossuary)
  32 rats
  A rat zombie (Ossuary)
437 creatures vanquished.

Vanquished Creatures (others)
  A hydra (D:10)
  An iron troll (D:12)
  A deep troll (D:12)
  3 hill giants
  2 orc knights (Orc:1)
  The ghost of Gottschkopf the Thaumaturge, a novice DECj (D:8)
  A gargoyle (D:12)
  A troll (D:10)
  2 yaks
  A porcupine (Lair:1)
  An orc priest (D:10)
  A fulminant prism (D:8)
16 creatures vanquished.

Grand Total: 453 creatures vanquished

Notes
Turn   | Place    | Note
-------+----------+-------------------------------------------
     0 | Abyss:1  | Promi the Draconian Abyssal Knight began the quest for the Orb.
     0 | Abyss:1  | Reached XP level 1. HP: 19/19 MP: 2/2
     8 | Abyss:1  | Found a radiant altar of Vehumet.
    67 | Abyss:2  | Noticed a spatial vortex
    74 | Abyss:2  | Noticed a hellephant
    76 | Abyss:2  | Noticed a small abomination
    85 | D:1      | Escaped the Abyss
   276 | D:1      | Reached XP level 2. HP: 20/26 MP: 3/3
   378 | D:1      | Reached * piety under Lugonu
   694 | D:1      | Reached XP level 3. HP: 33/33 MP: 4/4
  1554 | D:2      | Reached skill level 1 in Spellcasting
  1704 | D:2      | Reached XP level 4. HP: 39/40 MP: 5/5
  2070 | D:2      | Reached skill level 4 in Fighting
  2526 | D:3      | Gained mutation: Your mind is acute. (Int +2) [potion of mutation]
  2526 | D:3      | Gained mutation: Scrolls take you a little longer to read. [potion of mutation]
  2526 | D:3      | Gained mutation: Your tail ends in a poisonous barb. [potion of mutation]
  2733 | D:3      | Noticed Ijyb
  2751 | D:3      | Killed Ijyb
  2751 | D:3      | Reached XP level 5. HP: 27/46 MP: 2/7
  2912 | D:3      | Reached ** piety under Lugonu
  3720 | D:4      | Noticed an ogre
  4018 | D:4      | Got a twisted dagger
  4023 | D:4      | Identified the +5 dagger of Reinforcement {speed, -Tele rElec rF++ rC+} (You found it on level 4 of the Dungeon)
  4034 | D:4      | Killed an ogre
  4034 | D:4      | Reached XP level 6. HP: 53/53 MP: 7/9
  4259 | D:5      | Entered Level 5 of the Dungeon
  4342 | D:5      | Found a sand-covered staircase.
  4352 | Ossuary  | Entered an ossuary
  4507 | Ossuary  | Your scales start taking on a glossy black colour.
  4507 | Ossuary  | Reached XP level 7. HP: 38/60 MP: 6/10
  4507 | Ossuary  | Gained mutation: You are resistant to electric shocks. (rElec) [Black Draconian growth]
  4533 | Ossuary  | Reached *** piety under Lugonu
  4699 | Ossuary  | Reached skill level 5 in Fighting
  5171 | D:5      | Found Ipha's Antique Weapon Shoppe.
  5252 | D:6      | Reached XP level 8. HP: 64/70 MP: 10/13
  5289 | D:6      | Reached skill level 5 in Short Blades
  5334 | D:6      | Reached skill level 5 in Invocations
  5354 | D:6      | Found a glowing drain.
  5363 | Sewer    | Entered a sewer
  5647 | Sewer    | Reached skill level 6 in Fighting
  5718 | Sewer    | Reached **** piety under Lugonu
  6217 | Sewer    | Lost mutation: Your mind is acute. (Int +2) [potion of cure mutation]
  6217 | Sewer    | Lost mutation: Your tail ends in a poisonous barb. [potion of cure mutation]
  6217 | Sewer    | Lost mutation: Scrolls take you a little longer to read. [potion of cure mutation]
  6329 | D:6      | Found Ynue's General Store.
  6403 | D:6      | Cast into level 1 of the Abyss (gnoll sergeant)
  6419 | Abyss:1  | Noticed a large abomination
  6421 | Abyss:1  | Noticed a tentacled monstrosity
  6422 | Abyss:1  | Noticed a bone dragon
  6425 | D:6      | Escaped the Abyss
  6722 | D:6      | Reached skill level 5 in Dodging
  7390 | D:5      | Reached XP level 9. HP: 77/78 MP: 15/15
  7599 | D:7      | Found a glowing golden altar of the Shining One.
  7724 | D:7      | Found a staircase to the Ecumenical Temple.
  7760 | Temple   | Entered the Ecumenical Temple
  7761 | Temple   | Corrupted Temple
  7761 | Temple   | Noticed a hellwing
  7761 | Temple   | Noticed a large abomination
  7761 | Temple   | Noticed a large abomination
  7761 | Temple   | Noticed a red draconian caller
  7763 | Temple   | Noticed a rust devil
  7817 | D:7      | Reached skill level 7 in Fighting
  8629 | D:7      | Noticed a hill giant
  8629 | D:7      | Banished a hill giant
  8629 | D:7      | Reached skill level 5 in Spellcasting
  8697 | D:8      | Noticed Gottschkopf's ghost (novice DECj)
  8917 | D:8      | Got a steaming falchion
  8918 | D:8      | Identified the +1 falchion "Zuar" {holy, +Inv rPois rN+++ Str-5} (You found it on level 8 of the Dungeon)
  9122 | D:8      | Killed Gottschkopf's ghost
  9629 | D:8      | Noticed Pikel
  9637 | D:8      | Killed Pikel
  9637 | D:8      | Reached skill level 8 in Fighting
  9637 | D:8      | Reached XP level 10. HP: 65/86 MP: 14/18
 10828 | D:9      | Reached ***** piety under Lugonu
 11674 | D:10     | Entered Level 10 of the Dungeon
 11759 | D:10     | Noticed Fannar
 11867 | D:10     | Found a staircase to the Orcish Mines.
 12247 | D:10     | Noticed Grum
 12254 | D:10     | Killed Grum
 12263 | D:10     | Noticed a six-headed hydra
 12279 | D:9      | HP: 3/90 [shot self (3)]
 12281 | D:9      | Killed Fannar
 12680 | D:9      | Reached XP level 11. HP: 27/95 MP: 7/21
 13063 | D:9      | Reached skill level 9 in Fighting
 13206 | D:10     | Noticed Urug
 13602 | D:10     | Noticed a hill giant
 13613 | D:10     | Found an iron altar of Okawaru.
 13726 | D:10     | Banished a hill giant
 13823 | D:10     | Banished Urug
 14076 | D:11     | Noticed a hill giant
 14077 | D:11     | Banished a hill giant
 14129 | D:11     | Found Lytapheh's Antique Weapon Emporium.
 14145 | D:11     | Bought a jewelled rapier for 225 gold pieces
 14146 | D:11     | Identified the cursed +1 rapier of Armageddon {flame, MR+ MP+9 Int-3} (You bought it in a shop on level 11 of the Dungeon)
 14973 | D:11     | Found a staircase to the Lair.
 15328 | Lair:1   | Entered Level 1 of the Lair of Beasts
 15849 | Lair:1   | Reached skill level 1 in Evocations
 15859 | Lair:1   | Noticed a five-headed hydra
 16173 | Orc:1    | Entered Level 1 of the Orcish Mines
 16497 | Orc:1    | Noticed an orc knight
 16499 | Orc:1    | Banished an orc knight
 16579 | D:10     | Banished a six-headed hydra
 17228 | Orc:1    | Noticed an orc knight
 17229 | Orc:1    | Banished an orc knight
 18812 | Orc:2    | Entered Level 2 of the Orcish Mines
 18812 | Orc:2    | Noticed Saint Roka
 18812 | Orc:2    | Noticed an orc sorcerer
 18814 | Orc:2    | Noticed a sixfirhy
 19175 | D:10     | Noticed a hill giant
 19201 | D:10     | Killed a hill giant
 19201 | D:10     | Reached skill level 10 in Fighting
 19919 | D:12     | Reached XP level 12. HP: 88/106 MP: 22/24
 19985 | D:12     | Learned a level 4 spell: Summon Lightning Spire
 20043 | D:12     | Reached skill level 1 in Air Magic
 20058 | D:12     | Reached skill level 1 in Summonings
 20490 | D:12     | HP: 5/106 [deep troll (11)]
 20490 | D:12     | Slain by a deep troll

Vault maps used:
D:1:      dpeg_arrival_rooms_with_view, serial_forest,
          infiniplex_forest_clump_cross, infiniplex_forest_clump_medium,
          infiniplex_forest_clump_medium, infiniplex_forest_zigzag_2,
          infiniplex_forest_clump_small, infiniplex_forest_lined_1,
          infiniplex_forest_end_2, infiniplex_forest_lined_corner
D:3:      uniq_iyjb
D:4:      first_bread
D:5:      gup_ossuary_entry_pyramid, serial_shops, shop
D:6:      serial_shops, shop_coins, portal_sewer_entry_a
D:7:      nicolae_overflow_crystal_walls
D:8:      uniq_pikel
D:10:     david_orc_3, david_defended_altar_orc, uniq_grum, uniq_urug,
          uniq_fannar
D:11:     lair_0_dummy, serial_shops, nicolae_shop_competitors_out_of_business
D:12:     lemuel_troll_bridge
Temple:   regret_index_temple_chain_breaker
Lair:1:   patterned_corridor
Orc:2:    st_orc_town, serial_shops, nicolae_shop_crystal, uniq_saint_roka,
          uniq_azrael
Abyss:1:  evilmike_abyss_exit_11
Abyss:2:  evilmike_abyss_exit_4, minivault_5
Sewer:    sewer_minmay_w
Ossuary:  ossuary_tomb_1

Skill      XL: |  1  2  3  4  5  6  7  8  9 10 11 12 |
---------------+-------------------------------------+-----
Spellcasting   | 1 2 3 4 5 6 8 |  8.0
Fighting       | 4 5 6 8 10 | 10.1
Short Blades   | 3 4 5 6 7 9 |  9.2
Dodging        | 3 4 5 6 7 8 |  8.3
Invocations    | 3 4 6 7 8 9 |  9.3
Evocations     | 3 |  3.3
Air Magic      | 3 |  3.1
Summonings     | 2 |  2.4

Action                   |  1- 3 |  4- 6 |  7- 9 | 10-12 || total
-------------------------+-------+-------+-------+-------++-------
Melee: Short sword       |   115 |   175 |    17 |       ||   307
       Tailslap          |     9 |    40 |    76 |   153 ||   278
       Dagger            |       |   116 |   727 |  1226 ||  2069
       Falchion          |       |       |    16 |    15 ||    31
Invok: Depart the Abyss  |     1 |       |     1 |       ||     2
       Banish            |       |       |     1 |    17 ||    18
       Corrupt           |       |       |     1 |       ||     1
 Abil: Breathe Lightning |       |       |    13 |    36 ||    49
Evoke: Wand              |       |       |     3 |     8 ||    11
  Use: Potion            |     2 |     4 |     8 |     9 ||    23
       Scroll            |     4 |     5 |     9 |    10 ||    28
 Stab: Sleeping          |       |     1 |     1 |       ||     2
  Eat: Chunk             |     3 |     6 |    21 |    30 ||    60
       Royal jelly       |       |     1 |       |       ||     1
       Bread ration      |       |       |       |     3 ||     3
       Beef jerky        |       |       |       |     1 ||     1
Armor: Skin              |    31 |    65 |   150 |   183 ||   429
Dodge: Dodged            |    79 |   136 |   404 |   569 ||  1188
       Rpst.: Falchion   |       |       |     9 |     6 ||    15
